[Event "Titled Tuesday Blitz June 21 Late 2022"]
[White "Grischuk, Alexander"]
[Black "Terry, Renato"]
[WhiteFideId "4126025"]
[BlackFideId "3803457"]
[WhiteElo "2762"]
[BlackElo "2577"]
[Result "1/2-1/2"]
[Round "10"]
[TimeControl "180+1"]
[Date "2022.06.21"]
[WhiteClock "0:00:05"]
[BlackClock "0:00:02"]

1. d4 e6 2. e4 d5 3. e5 c5 4. c3 Qb6 5. Nf3 Bd7 6. Bd3 cxd4 7. Nxd4 Nc6 8. Nxc6 Bxc6 9. Qe2 Ne7 10. Nd2 a6 11. a4 Ng6 12. Nf3 d4 13. a5 Qc7 14. cxd4 Bb4+ 15. Kf1 Bxa5 16. h4 Ne7 17. h5 h6 18. Rh4 Bb6 19. Rg4 Nf5 20. Bxf5 exf5 21. Rxg7 Bb5 22. Qxb5+ axb5 23. Rxa8+ Ke7 24. Ra1 Ra8 25. Rxa8 Qxc1+ 26. Ke2 Qxb2+ 27. Ke3 Qc1+ 28. Ke2 Qc2+ 29. Ke3 Qe4+ 30. Kd2 Bxd4 31. Rgg8 Bxf2 32. Rad8 Be3+ 33. Kd1 Qc6 34. Rd6 Qc4 35. Rdd8 Qc6 36. Rd6 Qc4 37. Rdd8 Qc6 1/2-1/2


[Site "https://www.chess.com"]

[Event "Titled Tuesday Blitz June 21 Late 2022"]
[White "Gubajdullin, Alexei"]
[Black "Yuan, Qingyu"]
[WhiteFideId "4141202"]
[BlackFideId "8609772"]
[WhiteElo "2280"]
[BlackElo "2359"]
[Result "1-0"]
[Round "10"]
[TimeControl "180+1"]
[Date "2022.06.21"]
[WhiteClock "0:00:56"]
[BlackClock "0:00:02"]

1. c4 e6 2. Nf3 d5 3. b3 d4 4. g3 Nc6 5. Bg2 e5 6. O-O e4 7. Ne1 h5 8. Bxe4 h4 9. d3 Nf6 10. Bg2 hxg3 11. hxg3 Bg4 12. b4 Bxb4 13. Qa4 Qd7 14. Nc2 Be7 15. Re1 Bh3 16. Bh1 Ng4 17. e3 Kf8 18. Nxd4 Bf6 19. Ba3+ Kg8 20. Nxc6 Bxa1 21. Ne7+ Qxe7 22. Bxe7 Be5 23. Bxb7 Rb8 24. Bd5 Nf6 25. Bxf6 gxf6 26. Nd2 Bc3 27. Qc2 Ba5 28. Rb1 Rd8 29. Ne4 Kg7 30. Rb5 Bg4 31. Qb2 Rh6 32. Nxf6 Rxf6 33. Rxa5 Rxd5 34. Rxd5 Kg6 35. f4 Rb6 36. Rg5+ 1-0


[Site "https://www.chess.com"]

[Event "Titled Tuesday Blitz June 21 Late 2022"]
[White "Guz, Ari"]
[Black "Titichoca Daza, Daniel"]
[WhiteFideId "2825759"]
[BlackFideId "3309550"]
[WhiteElo "1913"]
[BlackElo "1912"]
[Result "1-0"]
[Round "10"]
[TimeControl "180+1"]
[Date "2022.06.21"]
[WhiteClock "0:00:32"]
[BlackClock "0:00:05"]

1. e4 e6 2. Nf3 d5 3. Qe2 Nf6 4. exd5 Nxd5 5. g3 Be7 6. Bg2 O-O 7. O-O c5 8. d4 Nc6 9. dxc5 Bxc5 10. Rd1 Qe7 11. a3 a5 12. c4 Nf6 13. Nc3 h6 14. Bf4 a4 15. Nb5 Nh5 16. Be3 e5 17. Bxc5 Qxc5 18. Rd5 Qb6 19. Nxe5 Nxe5 20. Qxe5 Nf6 21. Rd6 Qa5 22. Qc3 Be6 23. Bxb7 Qxc3 24. Nxc3 Rab8 25. Rb6 Bxc4 26. Rb4 Bb3 27. Rb6 Nd7 28. Rb4 Nc5 29. Bc6 Nd3 30. Rxb8 Rxb8 31. Bxa4 Nxb2 32. Rb1 Nxa4 33. Nxa4 Ra8 34. Rxb3 Rxa4 35. Kf1 Kf8 36. Ke1 Ke7 37. Kd2 Ke6 38. Kc2 Ra8 39. Kb2 Rd8 40. Re3+ Kf6 41. Kc2 g5 42. a4 Rc8+ 43. Rc3 Re8 44. Kd2 Ra8 45. Ra3 Ke5 46. a5 Ke4 47. a6 f5 48. a7 h5 49. Ra4+ Kf3 50. Ke1 Kg2 51. h4 f4 52. hxg5 fxg3 53. fxg3 Kxg3 54. Kf1 h4 55. Ra3+ Kg4 56. g6 Kg5 57. g7 Kf4 58. Rb3 Rxa7 59. g8=Q Ra1+ 60. Ke2 Ra2+ 61. Kd3 h3 62. Rb4+ Kf3 63. Qxa2 h2 64. Qe2+ Kg3 65. Rg4+ Kh3 66. Qg2# 1-0


[Site "https://www.chess.com"]

[Event "Titled Tuesday Blitz June 21 Late 2022"]
[White "Harvey, Marcus R"]
[Black "Mei, Austin"]
[WhiteFideId "400092"]
[BlackFideId "30948479"]
[WhiteElo "2485"]
[BlackElo "1936"]
[Result "1-0"]
[Round "10"]
[TimeControl "180+1"]
[Date "2022.06.22"]
[WhiteClock "0:00:16"]
[BlackClock "0:00:11"]

1. e4 e5 2. Nf3 Nc6 3. Bb5 a6 4. Bxc6 dxc6 5. O-O f6 6. d3 Be6 7. Nbd2 Bd6 8. Nb3 Ne7 9. Na5 Qc8 10. Bd2 O-O 11. b4 c5 12. a3 b6 13. Nb3 c4 14. Nc1 cxd3 15. cxd3 Rd8 16. Qc2 Qb7 17. Ne2 c5 18. Rfb1 Qd7 19. Ne1 Rac8 20. Qd1 c4 21. Be3 b5 22. d4 exd4 23. Nxd4 Bf7 24. Nec2 Nc6 25. Qe2 Nxd4 26. Bxd4 Qe6 27. Rd1 Re8 28. f3 Rcd8 29. Re1 Bc7 30. Qe3 f5 31. e5 f4 32. Qxf4 Bg6 33. Ne3 Bxe5 34. Qxe5 Qxe5 35. Bxe5 Rxe5 36. Kf2 Rd2+ 37. Re2 Rxe2+ 38. Kxe2 Bd3+ 39. Kd2 g5 40. Re1 Kf7 41. Nd1 Rxe1 42. Kxe1 h5 43. Kf2 Ke6 44. Ke3 Ke5 45. g3 h4 46. Nc3 Bg6 47. a4 bxa4 48. Nxa4 Be8 49. Nc5 Bb5 50. Ne4 hxg3 51. hxg3 Kf5 52. g4+ Kg6 53. Kd4 Kh6 54. Kc5 Kg6 55. Kd4 Kh6 56. Nd6 Bc6 57. Nxc4 Bxf3 58. Ne5 Be2 59. Ke4 Bd1 60. Kf5 Bc2+ 61. Kf6 Bd1 62. Nf7+ Kh7 63. Nxg5+ Kh6 64. Nf7+ Kh7 65. g5 Bc2 66. Ne5 Kg8 67. g6 Bb1 68. g7 Ba2 69. Nc6 Kh7 70. Ne7 Bb3 71. g8=Q+ Bxg8 72. Nxg8 Kxg8 73. Ke7 Kg7 74. Kd7 Kf7 75. Kc7 Ke7 76. Kb7 Kd8 77. Kxa6 Kc8 78. Ka7 1-0


[Site "https://www.chess.com"]

[Event "Titled Tuesday Blitz June 21 Late 2022"]
[White "Howell, David W L"]
[Black "Kanyamarala, Trisha"]
[WhiteFideId "410608"]
[BlackFideId "45004722"]
[WhiteElo "2559"]
[BlackElo "2134"]
[Result "1-0"]
[Round "10"]
[TimeControl "180+1"]
[Date "2022.06.22"]
[WhiteClock "0:00:15"]
[BlackClock "0:00:07"]

1. e4 c5 2. Nc3 Nc6 3. Bb5 Nd4 4. Nf3 a6 5. Bd3 Nc6 6. O-O d6 7. Bc4 e6 8. d4 cxd4 9. Nxd4 Nf6 10. Be3 Be7 11. Qe2 O-O 12. Rad1 Qc7 13. Bb3 b5 14. Nxc6 Qxc6 15. f3 Rb8 16. a3 a5 17. Qf2 Ba6 18. Rfe1 a4 19. Ba2 b4 20. Ne2 bxa3 21. Nd4 Qc7 22. bxa3 Rb2 23. Bxe6 fxe6 24. Nxe6 Qc4 25. Nxf8 Bxf8 26. Rd4 Qc3 27. Rxa4 Rxc2 28. Bd4 Qb3 29. Rb4 Qa2 30. Qg3 d5 31. Bxf6 dxe4 32. Rbxe4 g6 33. h4 Bc5+ 34. Kh1 Bf2 35. Qb8+ Rc8 36. Re8+ Kf7 37. R1e7+ Kxf6 38. Qe5# 1-0


[Site "https://www.chess.com"]

[Event "Titled Tuesday Blitz June 21 Late 2022"]
[White "Indjic, Aleksandar"]
[Black "Yurovskykh, Oleksandr"]
[WhiteFideId "911925"]
[BlackFideId "14134020"]
[WhiteElo "2616"]
[BlackElo "2292"]
[Result "1/2-1/2"]
[Round "10"]
[TimeControl "180+1"]
[Date "2022.06.21"]
[WhiteClock "0:00:02"]
[BlackClock "0:00:10"]

1. d4 d5 2. c4 e6 3. Nf3 Nf6 4. g3 Be7 5. Bg2 O-O 6. Nc3 c6 7. b3 b6 8. O-O Ba6 9. Nd2 Nbd7 10. e4 Rc8 11. Bb2 dxe4 12. Ndxe4 Nxe4 13. Nxe4 Nf6 14. Qc2 Nxe4 15. Bxe4 g6 16. Rad1 Bf6 17. Rfe1 Qe7 18. h4 Rfd8 19. h5 Qf8 20. Rd3 Qg7 21. Red1 b5 22. c5 b4 23. Rf3 Bxd4 24. Rxd4 Rxd4 25. hxg6 hxg6 26. Bxg6 f5 27. Rf4 Rcd8 28. Rxd4 Rxd4 29. Bxd4 Qxd4 30. Qc1 Kg7 31. Bh5 f4 32. Qxf4 Qxf4 33. gxf4 Kf6 34. Bf3 Bb5 35. Be4 a5 36. f3 a4 37. Kf2 a3 38. Ke3 Bc4 39. Bc2 Bd5 40. Kd4 Ke7 41. Bd1 Kf6 42. Bc2 Ke7 43. Kd3 Kf7 44. Ke3 Ke7 45. Kd4 Kf6 46. Kd3 Kf7 47. Ke3 Ke7 48. Bd1 Kf6 49. Bc2 Ke7 1/2-1/2


[Site "https://www.chess.com"]

[Event "Titled Tuesday Blitz June 21 Late 2022"]
[White "Jiganchine, Roman"]
[Black "Fiol, Fabrice"]
[WhiteFideId "2603667"]
[BlackFideId "611670"]
[WhiteElo "2259"]
[BlackElo "2442"]
[Result "0-1"]
[Round "10"]
[TimeControl "180+1"]
[Date "2022.06.22"]
[WhiteClock "0:00:00"]
[BlackClock "0:00:07"]

1. Nf3 d5 2. c4 e6 3. b3 Nf6 4. Bb2 c5 5. e3 Nc6 6. cxd5 exd5 7. Bb5 Be7 8. O-O O-O 9. d4 Qb6 10. Be2 Bg4 11. h3 Bh5 12. dxc5 Qxc5 13. Ba3 Qb6 14. Bxe7 Nxe7 15. Nc3 Rad8 16. Qd4 Qxd4 17. Nxd4 Bxe2 18. Ncxe2 Ne4 19. Rfd1 Nc6 20. Rac1 Ne5 21. Rc7 Rb8 22. Nf5 Rfd8 23. Ne7+ Kf8 24. Rxd5 Rxd5 25. Nxd5 Rd8 26. Nec3 Nd6 27. f4 Nd3 28. g3 a5 29. Kg2 b5 30. Kf3 b4 31. Na4 Nb5 32. e4 Nxc7 33. Nxc7 Nc1 34. Nd5 Nxa2 35. Nc5 Nc1 36. Ke3 f5 37. Nb7 Ra8 38. e5 Nxb3 39. e6 Re8 0-1


[Site "https://www.chess.com"]

[Event "Titled Tuesday Blitz June 21 Late 2022"]
[White "Kanyamarala, Tarun"]
[Black "Rios Escobar, Adan"]
[WhiteFideId "45004714"]
[BlackFideId "3403645"]
[WhiteElo "2219"]
[BlackElo "2445"]
[Result "0-1"]
[Round "10"]
[TimeControl "180+1"]
[Date "2022.06.22"]
[WhiteClock "0:00:14"]
[BlackClock "0:00:19"]

1. e4 c5 2. Nf3 d6 3. Nc3 Nf6 4. e5 dxe5 5. Nxe5 e6 6. Bb5+ Nbd7 7. d4 a6 8. Bxd7+ Bxd7 9. Bg5 Bc6 10. Nxc6 bxc6 11. dxc5 Bxc5 12. Qxd8+ Rxd8 13. Ke2 Bd4 14. Nd1 h6 15. Be3 Ke7 16. Bxd4 Rxd4 17. Ne3 Rb8 18. b3 Nd5 19. c4 Nc3+ 20. Kf3 f5 21. Rhc1 Ne4 22. Rd1 Rbd8 23. Rxd4 Rxd4 24. Rd1 c5 25. g3 g5 26. Kg2 Nc3 27. Re1 Kf6 28. Rc1 Nxa2 29. Ra1 Nb4 30. Ra5 Rd2 31. Rxc5 Rxf2+ 32. Kxf2 Nd3+ 33. Ke2 Nxc5 34. b4 Ne4 35. Kd3 Ke5 36. c5 h5 37. Nc4+ Kd5 38. Nb6+ Kc6 39. Kc4 Nxg3 40. hxg3 h4 41. gxh4 gxh4 42. Nc8 h3 43. Ne7+ Kd7 44. Ng6 h2 45. Ne5+ Kc7 0-1


[Site "https://www.chess.com"]

[Event "Titled Tuesday Blitz June 21 Late 2022"]
[White "Keymer, Vincent"]
[Black "Dardha, Daniel"]
[WhiteFideId "12940690"]
[BlackFideId "240990"]
[WhiteElo "2548"]
[BlackElo "2482"]
[Result "0-1"]
[Round "10"]
[TimeControl "180+1"]
[Date "2022.06.21"]
[WhiteClock "0:00:04"]
[BlackClock "0:00:46"]

1. Nf3 d5 2. e3 c6 3. c4 Nf6 4. Nc3 e6 5. b3 Bd6 6. Bb2 O-O 7. Be2 e5 8. cxd5 cxd5 9. Nb5 e4 10. Nfd4 Be5 11. Ne6 fxe6 12. Bxe5 Nc6 13. Bc7 Qd7 14. Bg3 e5 15. O-O a6 16. Na3 Qe7 17. Nc2 Bf5 18. d4 exd3 19. Bxd3 Bxd3 20. Qxd3 Rad8 21. Bh4 Qe6 22. Rad1 Rd7 23. Qe2 Ne4 24. Qe1 g5 25. Bg3 Rdf7 26. f3 g4 27. f4 h5 28. Nb4 Nxb4 29. Qxb4 b6 30. Qe1 b5 31. Rc1 d4 32. exd4 exf4 33. Bh4 f3 34. Qe3 f2+ 35. Bxf2 Rxf2 36. Rxf2 Rxf2 37. Re1 Qf5 38. d5 Rf4 39. Qa7 Qxd5 40. Qe7 Qd4+ 41. Kh1 Nf2+ 42. Kg1 Nh3+ 0-1


[Site "https://www.chess.com"]

[Event "Titled Tuesday Blitz June 21 Late 2022"]
[White "Kovacevic, Radmila"]
[Black "Mangialardo, Tiago Carvalho"]
[WhiteFideId "933171"]
[BlackFideId "2130718"]
[WhiteElo "2115"]
[BlackElo "2087"]
[Result "1-0"]
[Round "10"]
[TimeControl "180+1"]
[Date "2022.06.22"]
[WhiteClock "0:01:40"]
[BlackClock "0:00:08"]

1. e4 e5 2. d3 Nc6 3. Nf3 Bc5 4. g3 d6 5. Bg2 Nf6 6. O-O O-O 7. h3 Be6 8. Kh2 Qd7 9. Ng5 h6 10. Nf3 Nd4 11. Ng1 c6 12. Be3 Bb6 13. Qc1 Nh7 14. a4 d5 15. Nd2 c5 16. a5 Bc7 17. c3 Nb5 18. Bxc5 Bd6 19. Bxd6 Qxd6 20. exd5 Bxd5 21. Bxd5 Qxd5 22. c4 Qxd3 23. cxb5 Ng5 24. h4 Ne6 25. Qc3 Qxb5 26. Rfe1 Nd4 27. Ndf3 Rac8 28. Nxd4 exd4 29. Qxd4 Rfd8 30. Qe5 Rd5 31. Qe4 Qxb2 32. Qxd5 Qxf2+ 33. Qg2 1-0


[Site "https://www.chess.com"]

[Event "Titled Tuesday Blitz June 21 Late 2022"]
[White "Koziorowicz, Michal"]
[Black "Mortazavi, Ali"]
[WhiteFideId "21809194"]
[BlackFideId "401323"]
[WhiteElo "2202"]
[BlackElo "2339"]
[Result "1-0"]
[Round "10"]
[TimeControl "180+1"]
[Date "2022.06.21"]
[WhiteClock "0:00:26"]
[BlackClock "0:00:08"]

1. e4 c6 2. d4 d5 3. c4 dxe4 4. Nc3 Nf6 5. Nge2 e5 6. dxe5 Qxd1+ 7. Nxd1 Nfd7 8. Bf4 Nc5 9. Ng3 Nba6 10. Nc3 Nb4 11. Kd2 Be6 12. Ncxe4 O-O-O+ 13. Kc3 Nbd3 14. Be3 Na4+ 15. Kc2 Ndxb2 16. Nd2 h5 17. Rb1 h4 18. Nge4 Ba3 19. Bxa7 Bf5 20. f3 h3 21. g4 Bg6 22. Kb3 Rxd2 23. Nxd2 Bxb1 24. Nxb1 Be7 25. Bd4 Nd1 26. Kxa4 Rd8 27. Bc3 Nf2 28. Rg1 Rd1 29. Nd2 Bc5 30. Nb3 Be3 31. g5 Nd3 32. Bxd3 Bxg1 33. Bf5+ Kc7 34. Bxh3 Bxh2 35. g6 fxg6 36. e6 Rd6 37. Bxg7 Kd8 38. Bf6+ Ke8 39. Nc5 Rd2 40. Kb3 b6 41. Ne4 Rd3+ 42. Bc3 Be5 43. Kc2 Rxf3 44. Bg2 Rf5 45. Bd2 Ke7 46. Kd3 Kxe6 47. Bh3 b5 48. c5 Kd5 49. Bxf5 gxf5 50. Ng5 Kxc5 51. Nf3 Bf6 52. Ne1 Kd5 53. Nc2 c5 54. Ne3+ Ke6 55. Ba5 f4 56. Ng4 Kf5 57. Nf2 Bh4 58. Nd1 Kg4 59. Bb6 c4+ 60. Ke4 Bf6 61. Bc7 f3 62. Ne3+ Kh3 63. Kxf3 c3 64. Ke4 Bg5 65. Nc2 Kg2 66. Kd3 Bf6 67. Ba5 Kf3 68. Bxc3 Be7 69. Nd4+ Kf4 70. Nxb5 1-0


[Site "https://www.chess.com"]

[Event "Titled Tuesday Blitz June 21 Late 2022"]
[White "Ladan, Nicholas"]
[Black "Artemenko, Oleg"]
[WhiteFideId "30918855"]
[BlackFideId "14201798"]
[WhiteElo "2167"]
[BlackElo "2287"]
[Result "1-0"]
[Round "10"]
[TimeControl "180+1"]
[Date "2022.06.21"]
[WhiteClock "0:00:33"]
[BlackClock "0:01:59"]

1. d4 e6 2. g3 c5 3. d5 exd5 4. Nc3 d4 5. Nd5 Nf6 6. Bg2 Nxd5 7. Bxd5 Be7 8. c3 dxc3 9. bxc3 O-O 10. Nf3 d6 11. O-O Nc6 12. Qb3 Rb8 13. Bxc6 c4 14. Qb1 bxc6 15. Qxb8 Bf6 16. Bf4 d5 17. Be5 Be7 18. Qc7 Qe8 19. Nd4 Bd7 20. Bd6 Bxd6 21. Qxd6 Qc8 22. Rab1 Rd8 23. Qf4 c5 24. Nf3 h6 25. Rfd1 Be6 26. Ne5 Qa6 27. Nxc4 Qxa2 28. Ne3 Qxe2 29. Re1 Qd3 30. Rbd1 Qxc3 31. Nxd5 Bxd5 32. Re5 Qb3 33. Qd2 c4 34. Rxd5 Rxd5 35. Qxd5 g6 36. Re1 Qc3 37. Re7 Kg7 38. Qxf7+ 1-0


[Site "https://www.chess.com"]

[Event "Titled Tuesday Blitz June 21 Late 2022"]
[White "Lashkin, Jegor"]
[Black "Paravyan, David"]
[WhiteFideId "13907808"]
[BlackFideId "4194985"]
[WhiteElo "2368"]
[BlackElo "2569"]
[Result "1/2-1/2"]
[Round "10"]
[TimeControl "180+1"]
[Date "2022.06.21"]
[WhiteClock "0:01:55"]
[BlackClock "0:02:57"]

1. d4 Nf6 2. c4 g6 3. Nc3 d5 4. Nf3 Bg7 5. Bg5 Ne4 6. Bf4 Nxc3 7. bxc3 c5 8. e3 Nc6 9. cxd5 Qxd5 10. Be2 cxd4 11. cxd4 Qa5+ 12. Qd2 Qxd2+ 13. Kxd2 O-O 14. Rhc1 Bf5 15. Bd3 Bxd3 16. Kxd3 Rfd8 17. Ke2 Rd5 18. Rab1 e5 19. dxe5 Nxe5 20. Bxe5 Bxe5 21. Nxe5 Rxe5 22. Rxb7 Ra5 23. Rc2 Rd8 24. g4 Rd6 25. h4 Rda6 26. Kf3 Rxa2 27. Rc8+ Kg7 28. g5 1/2-1/2


[Site "https://www.chess.com"]

[Event "Titled Tuesday Blitz June 21 Late 2022"]
[White "Le, Tuan Minh"]
[Black "Garriga Cazorla, Pere"]
[WhiteFideId "12401153"]
[BlackFideId "32011601"]
[WhiteElo "2530"]
[BlackElo "2433"]
[Result "1-0"]
[Round "10"]
[TimeControl "180+1"]
[Date "2022.06.21"]
[WhiteClock "0:00:51"]
[BlackClock "0:00:09"]

1. d4 Nf6 2. Nf3 g6 3. Bg5 Bg7 4. Nbd2 h6 5. Bh4 d6 6. c3 g5 7. Bg3 Nh5 8. e4 e6 9. Bc4 a6 10. Nf1 b5 11. Bb3 Bb7 12. N3d2 Nf6 13. Qe2 Qe7 14. a4 bxa4 15. Bxa4+ Nbd7 16. Bc2 c5 17. Ne3 cxd4 18. cxd4 O-O 19. O-O Rfd8 20. Ra5 Nb8 21. Bd3 Nc6 22. Ra4 Nd7 23. d5 Nd4 24. Qh5 Nc5 25. Ra3 Rac8 26. Ng4 Qf8 27. h4 f5 28. exf5 exf5 29. Nxh6+ Bxh6 30. hxg5 Bg7 31. g6 Qe7 32. Bxf5 Bxd5 33. Re3 Be6 34. Bb1 Qf6 35. Bh4 Qf4 36. Bg5 Qg4 37. Qh7+ Kf8 38. Bh6 Bxh6 39. Qxh6+ Ke7 40. Qg7+ Ke8 41. Qf7# 1-0


[Site "https://www.chess.com"]

[Event "Titled Tuesday Blitz June 21 Late 2022"]
[White "Leiva, Gianmarco"]
[Black "Janaszak, Dawid"]
[WhiteFideId "3804399"]
[BlackFideId "1119206"]
[WhiteElo "2323"]
[BlackElo "2199"]
[Result "0-1"]
[Round "10"]
[TimeControl "180+1"]
[Date "2022.06.21"]
[WhiteClock "0:00:01"]
[BlackClock "0:00:10"]

1. e4 c5 2. Nf3 Nc6 3. d4 cxd4 4. Nxd4 g6 5. c4 Bg7 6. Be3 Qb6 7. Nb3 Qd8 8. Nc3 Bxc3+ 9. bxc3 Nf6 10. f3 O-O 11. Nd4 d6 12. Qd2 Bd7 13. g4 Rc8 14. Bg5 Ne5 15. h4 Qb6 16. Be2 Nxc4 17. Bxc4 Rxc4 18. h5 Qa5 19. Rc1 b5 20. Nb3 Qb6 21. Qh2 Nxe4 22. fxe4 Rxe4+ 23. Kd2 Bxg4 24. hxg6 Re2+ 25. Qxe2 Bxe2 26. gxh7+ Kh8 27. Bxe7 Qf2 28. Rce1 Bf1+ 29. Kc1 Qxe1+ 30. Kb2 Qxe7 31. Rxf1 Qe2+ 32. Nd2 Qxd2+ 0-1


[Site "https://www.chess.com"]

[Event "Titled Tuesday Blitz June 21 Late 2022"]
[White "Levine, Joseph"]
[Black "Toncheva, Nadya"]
[WhiteFideId "30940346"]
[BlackFideId "2924056"]
[WhiteElo "2609"]
[BlackElo "2518"]
[Result "1-0"]
[Round "10"]
[TimeControl "180+1"]
[Date "2022.06.22"]
[WhiteClock "0:00:18"]
[BlackClock "0:00:42"]

1. e4 c5 2. Nf3 d6 3. d4 cxd4 4. Nxd4 Nf6 5. Nc3 Nc6 6. Bc4 e6 7. Be3 a6 8. O-O Qc7 9. Bb3 b5 10. f4 b4 11. Na4 Nxe4 12. f5 Nxd4 13. Qxd4 d5 14. Nb6 Rb8 15. Ba4+ Kd8 16. fxe6 fxe6 17. Qxe4 dxe4 18. Bg5+ Qe7 19. Rxf8+ Rxf8 20. Rd1+ Kc7 21. Bxe7 Rxb6 22. Bxf8 e5 23. Be7 Be6 24. Bd8+ 1-0


[Site "https://www.chess.com"]

[Event "Titled Tuesday Blitz June 21 Late 2022"]
[White "Livaic, Leon"]
[Black "Sarana, Alexey"]
[WhiteFideId "14531534"]
[BlackFideId "24133795"]
[WhiteElo "2540"]
[BlackElo "2666"]
[Result "1-0"]
[Round "10"]
[TimeControl "180+1"]
[Date "2022.06.21"]
[WhiteClock "0:00:12"]
[BlackClock "0:00:15"]

1. d4 Nf6 2. c4 e6 3. Nf3 d5 4. Nc3 Bb4 5. Bg5 dxc4 6. e4 c5 7. Bxc4 cxd4 8. Nxd4 Bxc3+ 9. bxc3 Qa5 10. Bxf6 Qxc3+ 11. Kf1 Qxc4+ 12. Kg1 Bd7 13. Bxg7 Rg8 14. Rc1 Qb4 15. Bf6 Rg6 16. e5 Nc6 17. Nf3 Ne7 18. Rb1 Qg4 19. Nh4 Bc6 20. f3 Qf4 21. Bxe7 Qe3+ 22. Kf1 Kxe7 23. Nxg6+ hxg6 24. Qe2 Qd4 25. Re1 Rd8 26. Qf2 Qc3 27. Kg1 Rd2 28. Qh4+ Kd7 29. h3 Bxf3 30. gxf3 Qxf3 31. Rh2 Rd5 32. Rf2 Qc3 33. Rg2 Kc6 34. Qf2 Qxe5 35. Rxe5 Rxe5 36. Qc2+ Rc5 37. Qf2 Rc1+ 38. Kh2 f5 39. Rg1 Rc5 40. Qd2 e5 41. Rc1 b6 42. Rxc5+ bxc5 43. Qc3 Kd5 44. Qd3+ Kc6 45. Qc4 e4 46. Qe6+ Kb5 47. Qxg6 Kc4 48. Qxf5 Kd4 49. Qe6 c4 50. Qd6+ Ke3 51. Qc5+ Kd3 52. Qd5+ Kc3 53. Qxe4 a5 54. Qd5 a4 55. Qb5 a3 56. Qa4 Kb2 57. Qxc4 Ka1 58. Qb4 Kxa2 59. h4 Ka1 60. Qxa3+ Kb1 61. Qc3 1-0


[Site "https://www.chess.com"]

[Event "Titled Tuesday Blitz June 21 Late 2022"]
[White "Lopez Gracia, Fernando"]
[Black "Needleman, Alejandro"]
[WhiteFideId "2207184"]
[BlackFideId "100730"]
[WhiteElo "2454"]
[BlackElo "2317"]
[Result "0-1"]
[Round "10"]
[TimeControl "180+1"]
[Date "2022.06.22"]
[WhiteClock "0:02:01"]
[BlackClock "0:02:45"]

1. c4 e5 2. Nc3 Nf6 3. Nf3 Nc6 4. e4 Bc5 5. Nxe5 Nxe5 6. d4 Bb4 7. dxe5 Nxe4 8. Qf3 Nxc3 9. bxc3 Bc5 10. Qh3 O-O 11. Bd3 g6 12. Bh6 d6 13. Qg3 Re8 14. O-O-O Rxe5 15. Kb1 Qf6 16. Rhe1 Be6 17. Rxe5 Qxe5 18. Bf4 Qxc3 0-1


[Site "https://www.chess.com"]

[Event "Titled Tuesday Blitz June 21 Late 2022"]
[White "Maltsevskaya, Aleksandra"]
[Black "Koellner, Ruben Gideon"]
[WhiteFideId "24174041"]
[BlackFideId "12993093"]
[WhiteElo "2243"]
[BlackElo "2558"]
[Result "0-1"]
[Round "10"]
[TimeControl "180+1"]
[Date "2022.06.21"]
[WhiteClock "0:00:01"]
[BlackClock "0:01:16"]

1. Nf3 d6 2. d3 Nf6 3. Nbd2 g6 4. g3 Bg7 5. Bg2 O-O 6. O-O Nbd7 7. e4 e5 8. a4 a5 9. Nc4 Nc5 10. Nh4 Nh5 11. Ne3 Nf4 12. gxf4 Qxh4 13. f5 Bh6 14. Nd5 Bxc1 15. Rxc1 c6 16. Nb6 Rb8 17. Nxc8 Rbxc8 18. f4 exf4 19. d4 Nxa4 20. c4 b5 21. b3 Nb6 22. cxb5 cxb5 23. Qd3 b4 24. Qb5 Rxc1 25. Rxc1 f3 26. Bxf3 Qg5+ 27. Kf2 Qd2+ 28. Kg3 Qxc1 29. Qxb6 Qg5+ 30. Kf2 Qd2+ 31. Kg3 Qg5+ 32. Kf2 Qf4 33. Kg2 Rc8 34. Bd1 Qxe4+ 35. Kg3 Rc3+ 36. Kf2 Qxf5+ 37. Ke1 Re3+ 38. Kd2 Qd3+ 39. Kc1 Qc3+ 40. Kb1 Re1 41. Qd8+ Kg7 0-1


[Site "https://www.chess.com"]

[Event "Titled Tuesday Blitz June 21 Late 2022"]
[White "Martinez Alcantara, Jose Eduardo"]
[Black "Wagner, Dennis"]
[WhiteFideId "3805662"]
[BlackFideId "24650684"]
[WhiteElo "2703"]
[BlackElo "2355"]
[Result "1-0"]
[Round "10"]
[TimeControl "180+1"]
[Date "2022.06.21"]
[WhiteClock "0:00:17"]
[BlackClock "0:00:08"]

1. e4 c5 2. Nf3 d6 3. Bb5+ Nd7 4. O-O a6 5. Bxd7+ Bxd7 6. c3 Nf6 7. Re1 e6 8. d4 cxd4 9. cxd4 d5 10. exd5 Nxd5 11. Nc3 Bc6 12. Ne5 Bb4 13. Qg4 O-O 14. Bd2 Bxc3 15. bxc3 Rc8 16. c4 Nf6 17. Qh4 Nd7 18. Qg3 Nxe5 19. Rxe5 f6 20. Rxe6 Qxd4 21. Bc3 Qxc4 22. Rxf6 Rxf6 23. Bxf6 Qf7 24. Be5 Qg6 25. Qb3+ Kh8 26. f3 Rf8 27. Rf1 h6 28. Qc3 Kh7 29. h3 Rf7 30. Kh2 Qg5 31. Bg3 Qg6 32. Rd1 Rd7 33. Re1 Qd3 34. Qe5 Qg6 35. Re2 Qf7 36. Qb2 Qg6 37. h4 Rd5 38. Re7 Rf5 39. Qb3 Bd5 40. Qc3 Rf7 41. Re2 Bc6 42. a3 Rd7 43. Qb2 Qf5 44. Re5 Qg6 45. h5 Qd3 46. Qb4 Rd5 47. Qg4 Bd7 48. Qg6+ Kg8 49. Re7 Qxg6 50. hxg6 Kf8 51. Rf7+ Kg8 52. Kg1 Be8 53. Rxb7 Bxg6 54. Rb6 a5 55. Rxg6 Kh7 56. Ra6 Rb5 57. Be1 Rb1 58. Kf1 Rb2 59. Rxa5 Rb3 60. Ra8 Kg6 61. a4 Kh5 62. a5 g5 63. a6 Rb6 64. Bf2 Rc6 65. a7 Rd6 66. g4+ Kg6 67. Rg8+ Kh7 68. Rh8+ Kxh8 69. a8=Q+ Kh7 70. Qe4+ Rg6 71. Bd4 h5 72. Qf5 h4 73. Qf7+ Kh6 74. Qf8+ Kh7 75. Qh8# 1-0


[Site "https://www.chess.com"]

[Event "Titled Tuesday Blitz June 21 Late 2022"]
[White "Mikhailov, Viacheslav"]
[Black "Ibarra Jerez, Jose Carlos"]
[WhiteFideId "4187369"]
[BlackFideId "2226332"]
[WhiteElo "2381"]
[BlackElo "2628"]
[Result "0-1"]
[Round "10"]
[TimeControl "180+1"]
[Date "2022.06.21"]
[WhiteClock "0:00:32"]
[BlackClock "0:01:08"]

1. Nf3 d5 2. g3 g6 3. Bg2 Bg7 4. c4 dxc4 5. O-O Nc6 6. Na3 e5 7. Nxc4 e4 8. Ne1 Be6 9. Ne3 f5 10. d3 Nf6 11. dxe4 Nxe4 12. Nd3 O-O 13. Nc2 Bc4 14. Na3 Bf7 15. Bf4 Qe7 16. Nb5 Rac8 17. Rc1 Rfe8 18. Nc3 Rcd8 19. Qa4 Nd4 20. Rfe1 Nxc3 21. bxc3 Nxe2+ 22. Kh1 Rxd3 23. Bf1 Bd5+ 0-1


[Site "https://www.chess.com"]

[Event "Titled Tuesday Blitz June 21 Late 2022"]
[White "Mikhalsky, Vladimir"]
[Black "Wang, Isaac"]
[WhiteFideId "14144352"]
[BlackFideId "30977185"]
[WhiteElo "2301"]
[BlackElo "2301"]
[Result "1/2-1/2"]
[Round "10"]
[TimeControl "180+1"]
[Date "2022.06.22"]
[WhiteClock "0:00:12"]
[BlackClock "0:00:40"]

1. d4 Nf6 2. c4 e6 3. g3 d5 4. Bg2 Bb4+ 5. Bd2 Be7 6. Qc2 O-O 7. Nh3 c6 8. O-O dxc4 9. Qxc4 b5 10. Qc2 Bb7 11. Nc3 Nbd7 12. Nxb5 cxb5 13. Bxb7 Rb8 14. Bg2 Nb6 15. Qd3 Nc4 16. Bf4 Bd6 17. b3 Bxf4 18. Nxf4 Nd6 19. e4 Nde8 20. e5 Nd7 21. Rfe1 Nc7 22. Rac1 Nb6 23. Rc5 a6 24. Be4 h6 25. Rd1 Qe7 26. Qf3 Rfd8 27. Bc2 Ncd5 28. Qe4 g6 29. h4 Nxf4 30. Qxf4 h5 31. Qh6 Rbc8 32. b4 Qe8 33. Bb3 Nd7 34. Rc2 Rxc2 35. Bxc2 Rc8 36. Qd2 Nb6 37. Be4 Nc4 38. Qe2 Qe7 39. d5 exd5 40. Rxd5 Qxb4 41. e6 f5 42. Bxf5 gxf5 43. Qxh5 Qe1+ 44. Kg2 Qe4+ 45. f3 Qxd5 46. Qg6+ Kh8 47. Qf6+ Kh7 48. Qf7+ Kh8 49. Qf6+ Kh7 50. Qf7+ Kh8 51. Qf6+ 1/2-1/2


[Site "https://www.chess.com"]

[Event "Titled Tuesday Blitz June 21 Late 2022"]
[White "Navarrete Mendez, Gonzalo Alberto"]
[Black "Jovic, Stanoje"]
[WhiteFideId "5106850"]
[BlackFideId "905020"]
[WhiteElo "2261"]
[BlackElo "2286"]
[Result "0-1"]
[Round "10"]
[TimeControl "180+1"]
[Date "2022.06.21"]
[WhiteClock "0:00:03"]
[BlackClock "0:01:03"]

1. e4 c6 2. Nc3 d5 3. Nf3 dxe4 4. Nxe4 Nf6 5. Qe2 Bg4 6. Nxf6+ gxf6 7. h3 Bxf3 8. Qxf3 Qd5 9. Qe3 e5 10. b3 Bc5 11. Qe2 a5 12. a4 Na6 13. Qg4 Nb4 14. Qf5 Rg8 15. Bb2 Rg5 16. Qxh7 Bxf2+ 17. Kxf2 Qxd2+ 18. Kg1 O-O-O 19. Qh4 Nxc2 20. Bc1 Qd7 21. Bxg5 fxg5 22. Qxg5 Qd4+ 23. Kh2 Nxa1 24. Bc4 Nc2 25. Qf5+ Kb8 26. Qxc2 Qf4+ 27. g3 Rd2+ 28. Qxd2 Qxd2+ 29. Kg1 b5 30. axb5 cxb5 31. Bxf7 Qe1+ 32. Kg2 Qe2+ 33. Kg1 Qf3 34. Bg8 Qxg3+ 0-1


[Site "https://www.chess.com"]